 Dungeon Crawl Stone Soup version 0.23.2-1-ga50397a6bc (webtiles) character file.

Game seed: 12194621234453960664

402 Gargoyl the Skirmisher (level 6, -1/78 HPs)
             Began as a Centaur Abyssal Knight on May 8, 2019.
             Was a Believer of Lugonu.
             Slain by an orc priest
             ... wielding a +0 short sword
              (2 damage)
             ... on level 5 of the Dungeon.
             The game lasted 00:05:30 (3733 turns).

Gargoyl the Skirmisher (Centaur Abyssal Knight)     Turns: 3733, Time: 00:05:31

Health: -1/78      AC: 23    Str: 11 (15) XL:     6   Next: 55%
Magic:  8/8        EV:  1    Int: 10 (11) God:    Lugonu [**....]
Gold:   261        SH:  0    Dex: 12 (15) Spells: 5/5 levels left

rFire    . . .     SeeInvis .   a - +1 hand axe
rCold    . . .     Gourm    .   (no shield)
rNeg     + + +     Faith    .   (armour currently unavailable)
rPois    +         Spirit   .   (helmet currently unavailable)
rElec    .         Reflect  .   (cloak currently unavailable)
rCorr    .         Harm     .   (gloves currently unavailable)
MR       .....     NoTele   +   (no barding)
Stlth    ++........             (no amulet)
HPRegen  0.23/turn              (no ring)
MPRegen  0.11/turn              (no ring)

@: agile, tree-form
A: large, deterioration 1
a: Depart the Abyss, Bend Space, Renounce Religion


You were on level 5 of the Dungeon.
You worshipped Lugonu.
Lugonu was pleased with you.
You were not hungry.
You were a tree.
You visited 1 branch of the dungeon, and saw 7 of its levels.
You visited the Abyss 1 time.

You collected 261 gold pieces.

Inventory:

Hand Weapons
 a - a +1 hand axe (weapon)
Armour
 e - the +1 chain mail of Noon {rF++}
   (You found it on level 4 of the Dungeon)

   It greatly protects you from fire.
 p - a +2 ring mail of magic resistance (melded)
Wands
 i - a wand of polymorph (7)
Scrolls
 b - a scroll of fear
 g - a scroll of enchant armour
 h - a scroll of teleportation
 l - 2 scrolls of identify
 m - a scroll of blinking
Comestibles
 c - 7 rations


   Skills:
 + Level 4.0 Fighting
 + Level 3.4 Axes
 * Level 3.1 Armour
 * Level 1.9 Dodging
 * Level 3.4 Invocations


You had 5 spell levels left.
You didn't know any spells.
Your spell library was empty.

Dungeon Overview and Level Annotations

Branches:
Dungeon (7/15)
 Temple: D:4-7

Altars:
Kikubaaqudgha
Makhleb
Uskayaw

Shops:
D:5 =

Annotations:
D:5 1 runed translucent door, Sigmund; barcode's ghost, novice SpIE


Innate Abilities, Weirdness & Mutations

((You have hooves in place of feet.))
((Armour fits poorly on your strangely shaped body.))
((You cover ground very quickly.))
((You have extremely tough skin. (AC +3)))
((You are partially covered in molten scales. (AC +2)))
Your body sometimes deteriorates upon taking damage.
((You are resistant to electric shocks. (rElec)))


Message History

The orc priest hits you but does no damage. x2
You hit the orc priest.
The orc priest is almost dead.
You hit the adder skeleton but do no damage.
You hit the orc priest but do no damage.
The adder skeleton bites you but does no damage.
The orc priest mumbles some strange prayers to Beogh against you.
Beogh smites you!
* * * LOW HITPOINT WARNING * * *
Your body deteriorates!
You feel weakened.
The orc priest hits you but does no damage.
The adder skeleton bites you but does no damage.
You hit the orc priest.
You kill the orc priest!
Lugonu accepts your kill.
Your Fighting skill increases to level 4!
You hit the adder skeleton. You closely miss the orc.
You closely miss the orc priest.
The orc priest hits you with a +0 short sword.
You die...

### #####
###.###...#
##.....#...#
#..........#
##..........#
#..(....##..#
#%..)#..##.##
##...♣o...###
####....Zo...#.###
#.)..............#
#.....#.......∩...#
#..................
##....##...........
##..####..........
### #..........
#..........


You could see an orc priest, an orc and an adder skeleton.

Vanquished Creatures
  A sky beast (D:6)
  A centaur zombie (D:5)
  A bullfrog zombie (D:5)
  A hound (D:5)
  An orc priest (D:5)
  An orc wizard (D:4)
  A jelly (D:5)
  3 adders
  3 oozes
  An adder skeleton (D:4)
  3 dart slugs
  A leopard gecko (D:2)
  9 orcs
  6 bats
  2 giant cockroaches
  6 goblins
  8 hobgoblins
  A quokka (D:4)
  6 frilled lizards
  10 kobolds
  4 rats
70 creatures vanquished.

Notes
Turn   | Place    | Note
-------+----------+-------------------------------------------
     0 | Abyss:1  | Gargoyl the Centaur Abyssal Knight began the quest for the
                  | Orb.
     0 | Abyss:1  | Reached XP level 1. HP: 19/19 MP: 2/2
    24 | Abyss:3  | Noticed a worldbinder
    24 | Abyss:3  | Noticed a worldbinder
    24 | Abyss:3  | Noticed a water elemental
    25 | Abyss:3  | Noticed a dire elephant
    26 | Abyss:3  | Noticed a vampire mosquito
    26 | Abyss:3  | Noticed a wind drake
    26 | Abyss:3  | Noticed a merfolk siren
    26 | Abyss:3  | Noticed a water elemental
    28 | Abyss:3  | Noticed a merfolk siren
    31 | D:1      | Escaped the Abyss
    88 | D:1      | Reached * piety under Lugonu
   132 | D:1      | You fall through a shaft!
   167 | D:2      | Reached skill level 1 in Dodging
   167 | D:2      | Reached XP level 2. HP: 21/26 MP: 3/3
   784 | D:1      | Reached XP level 3. HP: 27/31 MP: 4/4
  1281 | D:1      | Reached ** piety under Lugonu
  1949 | D:2      | Reached XP level 4. HP: 37/39 MP: 5/5
  2394 | D:3      | Found an ancient bone altar of Kikubaaqudgha.
  2437 | D:3      | Found a burning altar of Makhleb.
  2759 | D:4      | Got a brightly glowing chain mail
  2771 | D:4      | Identified the +1 chain mail of Noon {rF++} (You found it
                  | on level 4 of the Dungeon)
  2924 | D:4      | Reached XP level 5. HP: 37/46 MP: 7/7
  3021 | D:4      | Found a hide-covered altar of Uskayaw.
  3023 | D:4      | You fall through a shaft for 2 floors!
  3101 | D:6      | Noticed a sky beast
  3127 | D:6      | Killed a sky beast
  3425 | D:6      | Noticed a two-headed ogre
  3476 | D:5      | Entered Level 5 of the Dungeon
  3476 | D:5      | Noticed Sigmund
  3478 | D:5      | Noticed a slave
  3479 | D:5      | Reached XP level 6. HP: 28/52 MP: 8/8
  3493 | D:5      | Found a runed translucent door.
  3498 | D:5      | Noticed barcode's ghost (novice SpIE)
  3500 | D:5      | Found Barearr's Jewellery Emporium.
  3726 | D:5      | Gained mutation: You are resistant to electric shocks.
                  | (rElec) [potion of mutation]
  3726 | D:5      | Gained mutation: Your body sometimes deteriorates upon
                  | taking damage. [potion of mutation]
  3726 | D:5      | Gained mutation: You are partially covered in molten
                  | scales. (AC +2) [potion of mutation]
  3732 | D:5      | HP: 1/78 [orc priest/divine providence (12)]
  3733 | D:5      | Reached skill level 4 in Fighting
  3733 | D:5      | Slain by an orc priest

Skill      XL: |  1  2  3  4  5  6 |
---------------+-------------------+-----
Dodging        | 1 |  1.9
Axes           | 2 3 |  3.4
Armour         | 2 3 |  3.1
Invocations    | 3 |  3.4
Fighting       | 4 |  4.0

Action                   |  1- 3 |  4- 6 || total
-------------------------+-------+-------++-------
Melee: Hand axe          |   103 |   120 ||   223
       Kick              |    24 |    24 ||    48
Invok: Depart the Abyss  |     1 |       ||     1
  Use: Potion            |     1 |     6 ||     7
       Scroll            |     7 |     6 ||    13
  Eat: Chunk             |     2 |     3 ||     5
       Ration            |       |     1 ||     1
Armor: Chain mail        |    68 |    45 ||   113
       Scale mail        |    10 |    20 ||    30
       Ring mail         |       |    36 ||    36
       Skin              |       |     8 ||     8
Dodge: Dodged            |    27 |    56 ||    83
